 Dungeon Crawl Stone Soup version 0.30-a0-23-ge60ba3568b (webtiles) character file.

Game seed: 5343009332028890247

1493 SensoryNuts the Cleaver (level 8, -4/70 HPs)
             Began as a Minotaur Fighter on Aug 24, 2022.
             Slain by a hornet (6 damage)
             ... on level 6 of the Dungeon.
             The game lasted 00:06:33 (5649 turns).

SensoryNuts the Cleaver (Minotaur Fighter)          Turns: 5649, Time: 00:06:33

Health: -4/70      AC: 13    Str: 22    XL:     8   Next: 51%
Magic:  7/7        EV: 10    Int:  5    God:
Gold:   262        SH:  5    Dex: 11    Spells: 7/7 levels left

rFire   . . .      SeeInvis +    a - +2 war axe
rCold   + . .      Faith    .    c - +0 buckler
rNeg    . . .      Spirit   .    b - +0 scale mail
rPois   .          Reflect  .    (helmet restricted)
rElec   .          Harm     .    u - +1 cloak
rCorr   .          Rampage  .    g - +2 pair of gloves
Will    .....                    (no boots)
Stlth   ..........               (no amulet)
HPRegen 0.21/turn                y - ring of see invisible
MPRegen 0.10/turn                (no ring)

@: mighty, attractive, slowed, very slow
A: horns 2, retaliatory headbutt, cold resistance 1
a: no special abilities


You were on level 6 of the Dungeon.
You visited 1 branch of the dungeon, and saw 6 of its levels.
You also visited: Sewer.

You collected 262 gold pieces.

Inventory:

Hand Weapons
 a - a +2 war axe (weapon)
Missiles
 k - 2 throwing nets (quivered)
Armour
 b - a +0 scale mail (worn)
 c - a +0 buckler (worn)
 g - a +2 pair of gloves (worn)
 u - a +1 cloak (worn)
 v - a +0 plate armour
Jewellery
 o - a +4 ring of protection
 y - a ring of see invisible (left hand)
 z - a ring of willpower
Wands
 r - a wand of roots (5)
Scrolls
 f - 2 scrolls of poison
 h - 2 scrolls of magic mapping
 j - a scroll of amnesia
 l - 2 scrolls of identify
 m - 2 scrolls of vulnerability
 p - 2 scrolls of teleportation
 t - a scroll of immolation
Potions
 i - 4 potions of flight
 s - 2 potions of mutation


   Skills:
 + Level 6.1 Fighting
 + Level 9.1 Axes
 + Level 6.9 Armour
 + Level 3.0 Dodging
 + Level 0.1 Stealth
 + Level 5.1 Shields


You had 7 spell levels left.
You didn't know any spells.
Your spell library contained the following spells:

 Spells                   Type           Power      Damage    Failure   Level
 Ensorcelled Hibernation  Hex/Ice        0%         N/A       94%         2
 Passwall                 Tmut/Erth      0%         N/A       94%         2
 Stone Arrow              Conj/Erth      0%         3d7       99%         3
 Swiftness                Air            0%         N/A       99%         3
 Animate Armour           Summ/Erth      0%         N/A       100%        4
 Lehudib's Crystal Spear  Conj/Erth      0%         10d2      100%        8


Dungeon Overview and Level Annotations

Branches:
Dungeon (6/15)             Temple (0/1) D:6           Sewer (visited)

Altars:
Gozag
Trog
The Shining One

Shops:
D:5 (

Annotations:
D:5 3 runed translucent doors, AnMouse's ghost, novice DrBe


Innate Abilities, Weirdness & Mutations

You have a pair of horns on your head.
You reflexively headbutt those who attack you in melee.
Your flesh is cold resistant. (rC+)


Message History

Your Dodging skill increases to level 3!
You swing at nothing.
You feel sick.
Unknown command.
You swing at nothing.
You feel sick.
You swing at nothing.
You feel sick.
You are no longer poisoned.
You swing at nothing.
You swing at nothing.
The orc is attracted toward you.
An orc is nearby!
An orc is nearby!
An orc is nearby!
An orc is nearby!
An orc is nearby!
You swing at nothing.
The orc is engulfed in poison gas.
The orc is poisoned.
The orc is attracted toward you.
You hit the orc.
You kill the orc!
You swing at nothing.
A hornet comes into view.
The hornet is attracted toward you.
A hornet is nearby!
A hornet is nearby!
A hornet is nearby!
You feel very mighty all of a sudden. The hornet is attracted toward you.
Unknown command.
Okay, then.
You slash the hornet!
The hornet is heavily wounded.
The hornet barely misses you.
The hornet stings you but does no damage.
You closely miss the hornet.
The hornet is heavily wounded.
The hornet barely misses you.
You closely miss the hornet. You headbutt the hornet.
The hornet is heavily wounded.
The hornet stings you.
* * * LOW HITPOINT WARNING * * *
You feel yourself slow down. The hornet stings you.
You die...

).## .# .>..##.###.
........... #.
...........
.##.####..........#####.
..................#.....
...$.................#.#
.##..)@y§............##
.........###.#..........
##...#~~.~~..........##.
###.≈≈≈#~≈#.#......####
...≈~≈≈≈~~#~≈~..........
..≈≈≈≈≈⌠.≈~≈≈≈~......###
..~≈≈≈~.?.~≈≈≈~........#
.≈#≈≈≈#..~~≈≈~≈~........
~≈≈≈≈~~~.~≈##≈≈~~.†.....


You could see a hornet.

Vanquished Creatures
  Pargi (Sewer)
  2 ice beasts (D:6)
  An ogre (D:5)
  A phantom (D:5)
  A bullfrog (D:6)
  2 scorpions
  2 electric eels (D:6)
  A crimson imp (D:4)
  3 hounds
  3 jellies (D:5)
  3 orc priests
  3 iguanas
  Jessica (D:2)
  Terence (D:3)
  An orc wizard (D:5)
  Natasha (thrice) (D:2)
  Robin (D:2)
  9 adders
  A river rat (D:5)
  3 white imps
  An ufetubus (D:5)
  2 worms
  7 dart slugs
  20 orcs
  8 ball pythons
  7 bats
  5 endoplasms
  6 giant cockroaches
  7 hobgoblins
  3 jackals
  3 quokkas
  14 goblins
  2 goblin skeletons (D:4)
  A goblin zombie (D:4)
  A hobgoblin zombie (D:4)
  9 kobolds
  3 kobold zombies (D:4)
  2 orc zombies (D:4)
  5 rats
149 creatures vanquished.

Vanquished Creatures (others)
  4 plants (D:2)
4 creatures vanquished.

Grand Total: 153 creatures vanquished

Notes
Turn   | Place    | Note
-------+----------+-------------------------------------------
     0 | D:1      | SensoryNuts the Minotaur Fighter began the quest for the
                  | Orb.
     0 | D:1      | Reached XP level 1. HP: 19/19 MP: 0/0
   399 | D:1      | Reached XP level 2. HP: 24/27 MP: 1/1
   877 | D:2      | Noticed Jessica
   877 | D:2      | Found a faded altar of an unknown god.
   878 | D:2      | Killed Jessica
   879 | D:2      | Reached skill level 3 in Axes
   879 | D:2      | Reached XP level 3. HP: 33/33 MP: 2/2
  1067 | D:2      | Noticed Robin
  1080 | D:2      | Reached XP level 4. HP: 13/41 MP: 3/3
  1084 | D:2      | Killed Robin
  1378 | D:2      | Noticed Natasha
  1388 | D:2      | Killed Natasha
  1444 | D:2      | Reached skill level 4 in Axes
  1608 | D:2      | Noticed Natasha
  1612 | D:2      | Killed Natasha
  1613 | D:2      | Reached XP level 5. HP: 41/47 MP: 4/4
  1625 | D:2      | Noticed Natasha
  1635 | D:2      | Killed Natasha
  1779 | D:3      | You fall into a shaft and drop 2 floors!
  1779 | D:5      | Entered Level 5 of the Dungeon
  2081 | D:5      | Noticed a phantom
  2087 | D:5      | Killed a phantom
  2088 | D:5      | Reached skill level 5 in Axes
  2088 | D:5      | Reached skill level 5 in Armour
  2088 | D:5      | Reached XP level 6. HP: 39/53 MP: 5/5
  2192 | D:5      | Found Lutes's Antique Weapon Boutique.
  2202 | D:5      | Found a glowing drain.
  2315 | Sewer    | Entered a sewer
  2408 | Sewer    | Noticed Pargi
  2416 | Sewer    | Killed Pargi
  2417 | Sewer    | Reached skill level 5 in Fighting
  2417 | Sewer    | Reached skill level 6 in Axes
  2417 | Sewer    | Reached skill level 1 in Dodging
  2544 | D:5      | Found a runed translucent gate.
  2544 | D:5      | Found a runed translucent gate.
  2544 | D:5      | Found a runed translucent gate.
  2546 | D:5      | Found an opulent altar of Gozag.
  2546 | D:5      | Noticed an ice beast
  2593 | D:4      | Found a glowing golden altar of the Shining One.
  2605 | D:4      | Reached XP level 7. HP: 61/61 MP: 6/6
  3243 | D:3      | Noticed Terence
  3245 | D:3      | Killed Terence
  3246 | D:3      | Reached skill level 7 in Axes
  4100 | D:3      | Found a bloodstained altar of Trog.
  4144 | D:3      | Gained mutation: Your flesh is cold resistant. (rC+)
                  | [potion of mutation]
  4860 | D:5      | Noticed a kobold demonologist
  4860 | D:5      | Noticed AnMouse's ghost (novice DrBe)
  5112 | D:5      | Reached XP level 8. HP: 66/69 MP: 7/7
  5115 | D:5      | Reached skill level 8 in Axes
  5589 | D:6      | Reached skill level 5 in Shields
  5617 | D:6      | Found a staircase to the Ecumenical Temple.
  5630 | D:6      | Reached skill level 9 in Axes
  5645 | D:6      | Noticed a hornet
  5649 | D:6      | HP: 2/70 [hornet (6)]
  5649 | D:6      | Slain by a hornet

Illustrated notes

Levels and vault maps discovered:
D:1:      mrwooster_arrival_statue_2, layout_basic,
          chequers_serial_rivers_small_3, kennysheep_nondescript
D:2:      layout_rooms, serial_forest, infiniplex_forest_fountain,
          infiniplex_forest_lined_2, infiniplex_forest_clump_small,
          infiniplex_forest_clump_medium, infiniplex_forest_clump_medium,
          infiniplex_forest_clump_curved, infiniplex_forest_zigzag_2,
          ebering_ecumenical_altar_rust, uniq_jessica, uniq_natasha, uniq_robin
D:3:      layout_basic, marbit_many_paths, minmay_fractal_squares_gapless_5,
          uniq_terence
D:4:      layout_rooms, nicolae_tso_besieged_by_evil
D:5:      nicolae_BIG_FREAKIN_CUBE, layout_basic, cheibrodos_sewer_entry_sluice,
          serial_shops, nicolae_shop_temple_entry_statues_fountains,
          ebering_ghost_gozag, hangedman_minor_gate_pass
D:6:      kennysheep_slugbush, layout_cave_pools,
          minmay_temple_entry_butterflies, uniq_sigmund, uniq_maggie

Skill      XL: |  1  2  3  4  5  6  7  8 |
---------------+-------------------------+-----
Armour         | 4 5 6 |  6.9
Fighting       | 4 5 6 |  6.1
Axes           | 3 4 5 6 7 9 |  9.1
Shields        | 4 5 |  5.1
Dodging        | 1 2 3 |  3.0
Stealth        | |  0.1

Action                   |  1- 3 |  4- 6 |  7- 9 || total
-------------------------+-------+-------+-------++-------
Melee: War axe           |    56 |    92 |   174 ||   322
       Headbutt          |     8 |    14 |    25 ||    47
  Use: Potion            |     1 |       |    13 ||    14
       Scroll            |       |       |    12 ||    12
Armor: Scale mail        |    32 |    53 |    89 ||   174
       Skin              |       |       |    32 ||    32
Dodge: Dodged            |    31 |    30 |    74 ||   135
Block: Buckler           |    15 |    24 |    45 ||    84

Table legend: (Time is in decaauts)
 A = Elapsed time spent in this place.
 B = Non-inter-level travel time spent in this place.
 C = Inter-level travel time spent in this place.
 D = Time resting spent in this place.
 E = Time spent auto-exploring this place.
 F = Levels seen in this place.
 G = Mean time per level.
                   A        B        C        D        E       F      G
               +--------+--------+--------+--------+--------+-----+--------+
         Total |   5757 |   5512 |    245 |      0 |   4536 |   7 |  822.4 |
       Dungeon |   5545 |   5300 |    245 |      0 |   4379 |   6 |  924.2 |
         Sewer |    212 |    212 |      0 |      0 |    157 |   1 |  212.0 |
               +--------+--------+--------+--------+--------+-----+--------+

Top non-repeatable levels by time:
     D:5: 1388 daAuts
     D:3: 1342 daAuts
     D:2: 933 daAuts
     D:1: 889 daAuts
     D:4: 830 daAuts
   Sewer: 212 daAuts
     D:6: 160 daAuts
